 Dungeon Crawl Stone Soup version 0.20.0-15-g7f486f2 (webtiles) character file.

60112 SirYmp the Bludgeoner (level 14, -2/133 HPs)
             Began as a Minotaur Berserker on June 16, 2017.
             Was a High Priest of Trog.
             Killed from afar by a wretched star (9 damage)
             ... with an orb of energy
             ... on level 1 of the Abyss on June 17, 2017.
             The game lasted 01:19:18 (21154 turns).

SirYmp the Bludgeoner (Minotaur Berserker)         Turns: 21154, Time: 01:19:19

Health: -2/133     AC: 18    Str: 24    XL:     14   Next: 55%
Magic:  4/4        EV: 11    Int:  4    God:    Trog [*****.]
Gold:   1462       SH:  5    Dex: 16    Spells: 13/13 levels left

rFire    . . .     SeeInvis .   P - +3 great mace (antimagic)
rCold    + . .     Gourm    .   (shield currently unavailable)
rNeg     . . .     Faith    .   s - +0 plate armour
rPois    .         Spirit   .   (helmet restricted)
rElec    .         Reflect  +   (no cloak)
rCorr    .         Harm     .   F - +1 pair of gloves
MR       +....                  t - +2 pair of boots
Stlth    ..........             T - +5 amulet of reflection
Regen    0.4/turn               b - ring of protection from cold
MPRegen  0.1/turn               K - +3 ring of dexterity

@: no status effects
A: retaliatory headbutt, horns 2, blurry vision 1, [deformed body], [subdued
magic 2]
a: Berserk, Trog's Hand, Brothers in Arms, Burn Spellbooks, Renounce Religion


You were on level 1 of the Abyss.
You worshipped Trog.
Trog was extremely pleased with you.
You were not hungry.

You visited 2 branches of the dungeon, and saw 17 of its levels.
You visited the Abyss 1 time.
You also visited: Ossuary.

You collected 1462 gold pieces.

Inventory:

Hand Weapons
 n - the +5 demon whip of Summer {elec, MR+ Int+2}
   (Trog gifted it to you on level 3 of the Lair of Beasts)

   Occasionally, upon striking a foe, it will discharge some electrical energy
   and cause terrible harm.
   It affects your intelligence (+2).
   It affects your resistance to hostile enchantments.
 y - a +1 mace of crushing
 P - a +3 antimagic great mace (weapon)
 U - a +4 battleaxe of chopping
 W - a +3 dire flail of venom
Armour
 s - a +0 plate armour (worn)
 t - a +2 pair of boots (worn)
 F - a +1 pair of gloves (worn)
 Q - +0 ice dragon scales
 S - a +1 pair of boots
Jewellery
 b - a ring of protection from cold (left hand)
 c - an uncursed ring of ice
 I - an uncursed amulet of rage
 K - a +3 ring of dexterity (right hand)
 T - a +5 amulet of reflection (around neck)
 V - an uncursed amulet of the gourmand {unknown}
Wands
 j - a wand of paralysis (18/24)
 J - a wand of paralysis (16/24)
 M - a wand of digging (4/24)
 O - a wand of clouds (6/9)
 R - a wand of paralysis (4/24)
Scrolls
 a - a scroll of silence {unknown}
 e - 13 scrolls of remove curse
 g - 8 scrolls of identify
 h - a scroll of enchant weapon {unknown}
 r - 5 scrolls of magic mapping
 u - 2 scrolls of fog
 w - 6 scrolls of teleportation
 x - a scroll of summoning {unknown}
 G - 2 scrolls of blinking
 L - a scroll of enchant armour {unknown}
 N - a scroll of recharging {unknown}
 Y - a scroll of torment {unknown}
Potions
 d - 4 potions of heal wounds
 i - 6 potions of agility
 k - a potion of invisibility {unknown}
 l - a potion of magic {unknown}
 m - 4 potions of mutation {unknown}
 o - a potion of brilliance {unknown}
 p - 3 potions of lignification {unknown}
 q - 4 potions of might {unknown}
 v - 4 potions of flight {unknown}
 z - 2 potions of cancellation {unknown}
 A - a potion of ambrosia {unknown}
 B - 2 potions of curing
 C - 2 potions of haste {unknown}
 H - a potion of berserk rage {unknown}
 X - 3 potions of resistance {unknown}
Comestibles
 f - 13 fruits
 D - 6 meat rations
 E - 5 royal jellies


   Skills:
 + Level 14.9 Fighting
 + Level 19.4 Maces & Flails
 + Level 15.6 Armour
 + Level 5.2 Dodging
 + Level 2.0 Stealth


You had 13 spell levels left.
You didn't know any spells.

Dungeon Overview and Level Annotations

Branches:
Dungeon (11/15)            Temple (0/1) D:7            Lair (6/6) D:9
 Shoals (0/4) Lair:4        Snake (0/4) Lair:2        Slime (0/5) Lair:5
    Orc: D:9-12

Altars:
Dithmenos
Hepliaklqana
Kikubaaqudgha
Okawaru
Trog
Vehumet
Yredelemnul
The Shining One

Shops:
D:10 !

Annotations:
D:5 Prince Ribbit
D:9 exclusion: statue
Lair:4 Kiel97's ghost, journeyman MiMo


Innate Abilities, Weirdness & Mutations

You reflexively headbutt those who attack you in melee.
You have a pair of horns on your head.
Scrolls take you a little longer to read.
[Armour fits poorly on your strangely shaped body.]
[Your spells are easier to cast, but less powerful.]


Message History

The small abomination barely misses you.
You bludgeon the small abomination!!
Your headbutt misses the small abomination.
The small abomination is almost destroyed.
You bludgeon the small abomination!!
You destroy the small abomination!
Trog accepts your kill.
The wretched star glows turbulently.
The orb of energy hits you!
* * * LOW HITPOINT WARNING * * *
You bludgeon the small abomination!!
You destroy the small abomination!
Trog accepts your kill.
The wretched star glows turbulently.
The orb of energy hits you!
* * * LOW HITPOINT WARNING * * *
The orb of energy explodes!
The wretched star glows turbulently.
The orb of energy hits you!
You die...

. ...#......#
#...##..## #.#.
...###. ##
.#### #..#
#.#......#
#....##.#.
####...### .
######..#.#.##
#.@.....*.....
#.###.#.#...#..
.% ....## .#.#
#.# ........ ##
# ..
......#.#.. # #
##...###.###
#.... .# ..##.
##


You could see a wretched star.

Vanquished Creatures
  Rupert (Lair:5)
  A very ugly thing (Abyss:1)
  2 entropy weavers (Lair:4)
  Josephine (Lair:5)
  A fire dragon (Lair:6)
  7 hydras
  Fannar (Lair:2)
  An ice dragon (Lair:1)
  A catoblepas (Lair:6)
  A two-headed ogre (D:9)
  A queen ant (Lair:4)
  An alligator (Lair:6)
  Sonja (Lair:1)
  2 fire crabs
  A manticore (Lair:6)
  An ugly thing (D:11)
  10 black mambas
  A merfolk siren (Lair:4)
  4 elephants (Lair:4)
  7 spiny frogs
  2 molten gargoyles (Lair:6)
  9 komodo dragons
  4 rime drakes
  The ghost of baghtru the Chopper, an amateur HOFi (D:4)
  4 trolls
  A polar bear (Lair:6)
  4 dream sheep (Lair:5)
  12 hippogriffs
  3 slime creatures (D:9)
  16 blink frogs
  Sigmund (D:5)
  4 wraiths
  A ynoxinul (Abyss:1)
  4 wyverns
  50 yaks
  6 basilisks
  2 large abominations (Abyss:1)
  A neqoxec (Abyss:1)
  Grum (D:8)
  2 steam dragons (Lair:6)
  A hungry ghost (D:10)
  8 soldier ants (Lair:4)
  3 nagas (Lair:2)
  14 water moccasins
  3 hell hounds (Lair:6)
  9 porcupines
  2 ice beasts
  6 black bears
  An orc warrior (D:11)
  A sky beast (D:10)
  A phantom (D:10)
  10 starcursed masses (Abyss:1)
  4 ogres
  15 wolves
  5 centaurs
  20 crocodiles
  6 small abominations (Abyss:1)
  A gnoll sergeant (D:7)
  11 bullfrogs
  3 elf skeletons (D:4)
  A wyvern skeleton (D:10)
  8 scorpions
  7 killer bees
  A howler monkey (D:6)
  An electric eel (D:11)
  A bullfrog zombie (D:8)
  2 centaur zombies
  3 crimson imps
  2 human zombies (Ossuary)
  2 quasits
  5 lava snakes (Lair:6)
  3 orc priests
  4 hounds
  13 jellies
  2 bullfrog skeletons
  A gnoll shaman (D:8)
  2 centaur skeletons
  6 iguanas
  23 worker ants
  7 orc wizards
  2 big kobold zombies (Ossuary)
  A hound skeleton (D:7)
  2 mummies (Ossuary)
  2 worker ant zombies
  8 gnolls
  7 scorpion zombies (Ossuary)
  9 adders
  A shadow imp (D:10)
  An ufetubus (Abyss:1)
  4 oozes
  5 adder skeletons
  4 worms
  3 leopard geckos
  28 orcs
  5 giant cockroaches
  6 goblins
  7 hobgoblins
  15 jackals
  2 quokkas
  5 bats
  8 frilled lizards
  A gnoll zombie (Ossuary)
  A goblin zombie (Ossuary)
  A hobgoblin zombie (Ossuary)
  A jackal skeleton (D:5)
  6 kobolds
  A kobold zombie (Ossuary)
  An orc skeleton (D:4)
  4 orc zombies
  4 rats
  A spectral orc (D:5)
  3 fungi (D:9)
  7 plants
548 creatures vanquished.

Vanquished Creatures (others)
  A mummy (Ossuary)
  A kobold zombie (Ossuary)
  A butterfly (Lair:5)
  22 fungi
  15 plants
40 creatures vanquished.

Grand Total: 588 creatures vanquished

Notes
Turn   | Place    | Note
-------+----------+-------------------------------------------
     0 | D:1      | SirYmp the Minotaur Berserker began the quest for the Orb.
     0 | D:1      | Reached XP level 1. HP: 19/19 MP: 0/0
   202 | D:1      | Reached XP level 2. HP: 21/27 MP: 1/1
   556 | D:1      | Reached skill level 4 in Maces & Flails
   851 | D:2      | Reached XP level 3. HP: 33/33 MP: 2/2
  1109 | D:2      | Found a glowing golden altar of the Shining One.
  1219 | D:3      | Reached ** piety under Trog
  1408 | D:3      | Reached XP level 4. HP: 31/41 MP: 3/3
  1581 | D:3      | Reached skill level 5 in Maces & Flails
  1621 | D:3      | Found a shadowy altar of Dithmenos.
  1633 | D:3      | Reached skill level 5 in Fighting
  2307 | D:4      | Reached XP level 5. HP: 18/48 MP: 4/4
  2378 | D:4      | Found an ancient bone altar of Kikubaaqudgha.
  2518 | D:4      | Noticed baghtru's ghost (amateur HOFi)
  2537 | D:4      | Killed baghtru's ghost
  2537 | D:4      | Reached *** piety under Trog
  2537 | D:4      | Reached skill level 6 in Maces & Flails
  2537 | D:4      | Reached XP level 6. HP: 35/56 MP: 5/5
  2812 | D:4      | Reached skill level 7 in Maces & Flails
  2812 | D:4      | Reached XP level 7. HP: 57/61 MP: 6/6
  2830 | D:4      | Found a sand-covered staircase.
  2835 | Ossuary  | Entered an ossuary
  2939 | Ossuary  | Reached skill level 5 in Armour
  3129 | Ossuary  | Reached skill level 8 in Maces & Flails
  3325 | Ossuary  | Reached **** piety under Trog
  3363 | Ossuary  | Reached XP level 8. HP: 59/71 MP: 7/7
  3538 | D:4      | Reached skill level 9 in Maces & Flails
  3843 | D:5      | Entered Level 5 of the Dungeon
  4036 | D:5      | Noticed Prince Ribbit
  4097 | D:5      | Found a basalt altar of Yredelemnul.
  4114 | D:5      | Noticed Sigmund
  4141 | D:5      | Killed Sigmund
  4294 | D:5      | Reached skill level 10 in Maces & Flails
  5505 | D:7      | Reached XP level 9. HP: 79/79 MP: 8/8
  5995 | D:7      | Found a staircase to the Ecumenical Temple.
  6030 | D:8      | Reached ***** piety under Trog
  6166 | D:8      | Reached skill level 11 in Maces & Flails
  6403 | D:8      | Noticed a troll
  6413 | D:8      | Killed a troll
  6455 | D:8      | Noticed Grum
  6465 | D:8      | Killed Grum
  6465 | D:8      | Reached XP level 10. HP: 49/90 MP: 9/9
  6468 | D:8      | Reached skill level 12 in Maces & Flails
  6843 | D:9      | Found a hazy altar of Hepliaklqana.
  6947 | D:9      | Reached skill level 10 in Armour
  6981 | D:9      | Found a staircase to the Lair.
  7237 | D:9      | HP: 3/91 [slime creature (4)]
  7674 | D:9      | Found an iron altar of Okawaru.
  7709 | D:9      | Reached skill level 13 in Maces & Flails
  7736 | D:9      | Reached skill level 10 in Fighting
  7930 | D:9      | Noticed a two-headed ogre
  7938 | D:9      | Killed a two-headed ogre
  7950 | D:9      | Reached XP level 11. HP: 79/100 MP: 10/10
  7961 | D:9      | Found a radiant altar of Vehumet.
  8222 | Lair:1   | Entered Level 1 of the Lair of Beasts
  8363 | Lair:1   | Noticed a six-headed hydra
  8380 | Lair:1   | Killed a six-headed hydra
  8415 | Lair:1   | Reached skill level 1 in Stealth
  8709 | Lair:1   | Received a gift from Trog
  8810 | Lair:1   | Noticed a seven-headed hydra
  8818 | Lair:1   | Killed a seven-headed hydra
  8818 | Lair:1   | Reached skill level 14 in Maces & Flails
  9459 | Lair:1   | Noticed Sonja
  9480 | Lair:1   | Paralysed by Sonja for 2 turns
  9486 | Lair:1   | Killed Sonja
  9764 | Lair:1   | Noticed an ice dragon
  9790 | Lair:1   | Killed an ice dragon
 10121 | Lair:2   | Found a staircase to the Snake Pit.
 10313 | Lair:2   | Noticed a five-headed hydra
 10319 | Lair:2   | Killed a five-headed hydra
 10319 | Lair:2   | Reached XP level 12. HP: 89/110 MP: 3/11
 10322 | Lair:2   | Reached skill level 15 in Maces & Flails
 10365 | Lair:2   | Noticed Fannar
 10396 | Lair:2   | Killed Fannar
 11016 | Lair:3   | Found a bloodstained altar of Trog.
 11791 | Lair:3   | Reached skill level 16 in Maces & Flails
 11969 | Lair:3   | Received a gift from Trog
 11972 | Lair:3   | Got an iridescent demon whip {god gift}
 13140 | Lair:4   | Noticed a queen ant
 13141 | Lair:4   | Noticed an entropy weaver
 13141 | Lair:4   | Noticed an entropy weaver
 13151 | Lair:4   | Killed an entropy weaver
 13156 | Lair:4   | Killed a queen ant
 13156 | Lair:4   | Reached XP level 13. HP: 38/119 MP: 4/12
 13160 | Lair:4   | Killed an entropy weaver
 13160 | Lair:4   | Reached skill level 17 in Maces & Flails
 13378 | Lair:4   | Noticed Kiel97's ghost (journeyman MiMo)
 13413 | Lair:4   | HP: 2/119 [yak (8)]
 14581 | Lair:4   | Found a staircase to the Shoals.
 14818 | Lair:5   | Found a staircase to the Slime Pits.
 14881 | Lair:5   | Noticed Rupert
 14898 | Lair:5   | Killed Rupert
 15461 | Lair:5   | Noticed Josephine
 15469 | Lair:5   | Killed Josephine
 15592 | Lair:6   | Entered Level 6 of the Lair of Beasts
 15603 | Lair:5   | Reached skill level 5 in Dodging
 15609 | Lair:5   | Received a gift from Trog
 15867 | Lair:5   | Identified the +5 demon whip of Summer {elec, MR+ Int+2} (Trog gifted it to you on level 3 of the Lair of Beasts)
 16153 | Lair:6   | Reached skill level 18 in Maces & Flails
 16348 | Lair:6   | Reached skill level 15 in Armour
 16411 | Lair:6   | Reached ****** piety under Trog
 17171 | Lair:6   | Reached XP level 14. HP: 92/132 MP: 4/13
 17351 | Lair:6   | HP: 2/132 [wyvern (12)]
 18462 | Lair:6   | Found a large runed door.
 18464 | Lair:6   | Found a large runed door.
 19025 | D:10     | Entered Level 10 of the Dungeon
 19055 | D:10     | Reached skill level 19 in Maces & Flails
 19178 | D:10     | Found Acriupse's Distillery.
 19795 | D:11     | Received a gift from Trog
 20572 | D:11     | Found a shadowy altar of Dithmenos.
 20627 | D:11     | Cast into level 1 of the Abyss (orc)
 20705 | Abyss:1  | Found a hide-covered altar of Uskayaw.
 20979 | Abyss:1  | Gained mutation: Scrolls take you a little longer to read. [a neqoxec]
 21001 | Abyss:1  | Noticed a cyan very ugly thing
 21011 | Abyss:1  | Killed a cyan very ugly thing
 21046 | Abyss:1  | Noticed a starcursed mass
 21063 | Abyss:1  | Paralysed by accursed screaming for 1 turns
 21075 | Abyss:1  | Paralysed by accursed screaming for 1 turns
 21152 | Abyss:1  | HP: 6/133 [wretched star/orb of energy (27)]
 21154 | Abyss:1  | Killed from afar by a wretched star

Skill      XL: |  1  2  3  4  5  6  7  8  9 10 11 12 13 14 |
---------------+-------------------------------------------+-----
Fighting       | 4 5 6 7 8 10 11 12 14 | 14.9
Maces & Flails | 4 5 6 7 8 10 11 13 14 16 18 19 | 19.4
Armour         | 3 4 5 7 9 11 13 15 | 15.6
Dodging        | 3 4 5 |  5.2
Stealth        | 1 2 |  2.0

Action                   |  1- 3 |  4- 6 |  7- 9 | 10-12 | 13-15 || total
-------------------------+-------+-------+-------+-------+-------++-------
Melee: Mace              |    93 |    91 |   398 |   314 |       ||   896
       Headbutt          |     9 |    24 |   108 |   188 |   160 ||   489
       Great mace        |       |       |       |   312 |   637 ||   949
Invok: Berserk           |       |     2 |     4 |     7 |    10 ||    23
       Burn Spellbooks   |       |       |       |     2 |     2 ||     4
       Trog's Hand       |       |       |       |       |     2 ||     2
  Use: Scroll            |     1 |       |     7 |     4 |     3 ||    15
       Potion            |       |       |       |     2 |     8 ||    10
  Eat: Chunk             |     2 |     4 |     5 |     7 |    14 ||    32
       Royal jelly       |       |     1 |       |       |     1 ||     2
       Bread ration      |       |       |     1 |     4 |     2 ||     7
       Meat ration       |       |       |     1 |     1 |     2 ||     4
       Fruit             |       |       |       |       |     5 ||     5
Armor: Animal skin       |    12 |       |       |       |       ||    12
       Ring mail         |    15 |    38 |       |       |       ||    53
       Plate armour      |       |    24 |   226 |   381 |   417 ||  1048
Dodge: Dodged            |    65 |    59 |   149 |   252 |   346 ||   871
Block: Other             |     7 |    12 |    38 |    81 |   125 ||   263
       Reflection        |       |       |     1 |       |     3 ||     4
